 Dungeon Crawl Stone Soup version 0.21.1-1-g345015fe64 (webtiles) character file.

11433 KleinerIrrer the Grappler (level 11, -7/104 HPs)
             Began as a Troll Monk on Apr 4, 2018.
             Was the Champion of Cheibriados.
             Mangled by an eight-headed hydra (17 damage)
             ... on level 2 of the Lair of Beasts.
             The game lasted 00:02:43 (11026 turns).

KleinerIrrer the Grappler (Troll Monk)             Turns: 11026, Time: 00:02:44

Health: -7/104     AC:  7    Str: 39    XL:     11   Next: 49%
Magic:  15/15      EV: 13    Int: 19    God:    Cheibriados [******]
Gold:   515        SH: 14    Dex: 27    Spells: 10/10 levels left

rFire    . . .     SeeInvis .     - Unarmed
rCold    + + .     Gourm    +   d - +1 shield {reflect}
rNeg     . . .     Faith    .   j - +2 robe {rC+}
rPois    .         Spirit   .   (helmet restricted)
rElec    .         Reflect  +   (no cloak)
rCorr    +         Harm     .   (gloves unavailable)
MR       .....                  (boots unavailable)
Stlth    ++........             (no amulet)
HPRegen  0.67/turn              q - ring of resist corrosion
MPRegen  0.14/turn              r - ring of protection from cold

@: very slow
A: large, unfitting armour, claws 3, dopey 1, fast metabolism 3, gourmand,
regeneration 1, shaggy fur 1, tough skin 2
a: Bend Time, Temporal Distortion, Slouch, Step From Time, Renounce Religion


You were on level 2 of the Lair of Beasts.
You worshipped Cheibriados.
Cheibriados was exalted by your worship.
You were completely stuffed.

You visited 3 branches of the dungeon, and saw 13 of its levels.
You also visited: Ossuary.

You collected 515 gold pieces.


Innate Abilities, Weirdness & Mutations

You are too large for most types of armour.
You have claws for hands.
Your metabolism is lightning-fast.
You like to eat raw meat.
Your natural rate of healing is unusually fast.
You are covered in fur. (AC +1)
You have very tough skin. (AC +2)
You are dopey. (Int -2)


   Skills:
 + Level 5.3 Fighting
 - Level 5.0 Dodging
 - Level 1.0 Stealth
 - Level 5.0 Shields
 - Level 13.0 Unarmed Combat
 + Level 7.7 Invocations


You had 10 spell levels left.
You didn't know any spells.

Inventory:

Missiles
 i - 22 tomahawks
 o - 2 tomahawks of dispersal
 u - a javelin (quivered)
Armour
 d - a +1 shield of reflection (worn)
 j - a +2 robe of cold resistance (worn)
 l - a +1 robe of magic resistance
Jewellery
 q - a ring of resist corrosion (left claw)
 r - a ring of protection from cold (right claw)
Wands
 m - a wand of paralysis (5)
Scrolls
 a - 6 scrolls of enchant armour
 e - 8 scrolls of identify
 f - 4 scrolls of teleportation
 p - 6 scrolls of remove curse
Potions
 c - 5 potions of curing
 g - 5 potions of mutation
 h - 3 potions of might
 k - a potion of resistance
 n - 2 potions of haste
Comestibles
 b - 29 rations
 s - 5 chunks of flesh

Dungeon Overview and Level Annotations

Branches:
Dungeon (10/15)            Temple (1/1) D:4            Lair (2/6) D:10
    Orc (0/2) D:10
  Swamp: Lair:2-4    Shoals: Lair:2-4     Snake: Lair:2-4    Spider: Lair:2-4

Altars:
Ashenzari
Cheibriados
Dithmenos
Elyvilon
Fedhas
Gozag
Hepliaklqana
Kikubaaqudgha
Makhleb
Nemelex Xobeh
Okawaru
Qazlal
Ru
Sif Muna
Trog
Uskayaw
Vehumet
Wu Jian
Xom
Yredelemnul
Zin
The Shining One

Shops:
D:8 [


Message History

The four-headed hydra grows two more!
You scratch the six-headed hydra.
The six-headed hydra is moderately wounded.
The six-headed hydra closely misses you.
The six-headed hydra bites you. The six-headed hydra barely misses you.
The six-headed hydra bites you!
You block the six-headed hydra's attack.
The six-headed hydra bites you!
You tear one of the six-headed hydra's heads off!
The five-headed hydra grows two more!
You claw the seven-headed hydra!
The seven-headed hydra is lightly wounded.
You claw one of the seven-headed hydra's heads off!
The six-headed hydra grows two more!
You mangle the eight-headed hydra!!
The eight-headed hydra is moderately wounded.
The eight-headed hydra bites you!
You block the eight-headed hydra's attack.
The eight-headed hydra bites you. The eight-headed hydra bites you!
The eight-headed hydra misses you.
You block the eight-headed hydra's attack.
The eight-headed hydra bites you! x2
You die...

F..#......# ...........#
...(.......# ..
....[......## .... ....
..P...........# ..... ....
....#......F$..# ..#....#...
...............#...#.P......
........##.D......P#..P.#...
....#...##.@......##.#P.#...
........#.........##........
..................P#.P......
.............#........#.P...
..#...#.>........... #.P./.
..P.#.#............. #.....
....#.#.............. #.#.<.
......P.....................
................#....#P.....


You could see an eight-headed hydra and a spiny frog.

Vanquished Creatures
  2 two-headed ogres
  Pikel (D:4)
  A black mamba (Lair:2)
  A spiny frog (Lair:1)
  A komodo dragon (Lair:1)
  2 hornets
  7 dream sheep (Lair:2)
  2 hippogriffs (Lair:1)
  The ghost of KleinerIrrer the Chopper, an amateur GrFi (D:4)
  A spriggan (D:7)
  Sigmund (D:6)
  A wyvern (Lair:2)
  10 yaks
  A water moccasin (Lair:1)
  2 hell hounds (D:10)
  2 porcupines
  2 ice beasts
  A swamp drake (D:10)
  2 black bears
  2 sky beasts
  5 orc warriors
  4 ogres
  A hornet zombie (D:10)
  4 wolves (Lair:2)
  7 crocodiles
  A big kobold (D:8)
  2 bullfrogs (D:7)
  5 scorpions
  2 howler monkeys
  2 crimson imps
  2 jellies
  8 orc priests
  3 hounds
  3 iguanas
  10 orc wizards
  3 worker ants
  A hound zombie (D:5)
  A mummy (Ossuary)
  A worker ant zombie (D:10)
  9 gnolls
  11 adders
  2 shadow imps (D:5)
  2 oozes
  An adder skeleton (D:4)
  4 worms
  5 leopard geckos
  50 orcs
  6 bats
  4 giant cockroaches
  2 gnoll zombies (Ossuary)
  10 goblins
  9 hobgoblins
  14 jackals
  3 quokkas
  7 frilled lizards
  3 gnoll skeletons (Ossuary)
  3 goblin zombies (Ossuary)
  4 hobgoblin skeletons (Ossuary)
  2 hobgoblin zombies (Ossuary)
  A jackal skeleton (D:7)
  9 kobolds
  3 kobold skeletons (Ossuary)
  4 kobold zombies (Ossuary)
  A leopard gecko skeleton (D:4)
  An orc skeleton (Ossuary)
  2 orc zombies (Ossuary)
  6 rats
  A rat zombie (Ossuary)
287 creatures vanquished.

Vanquished Creatures (others)
  Menkaure (Ossuary)
  A centaur (D:10)
  2 mummies (Ossuary)
  4 orcs (D:10)
  A gnoll zombie (Ossuary)
  2 gnoll skeletons (Ossuary)
  A goblin skeleton (Ossuary)
  2 goblin zombies (Ossuary)
  3 hobgoblin skeletons (Ossuary)
  2 kobold skeletons (Ossuary)
  3 kobold zombies (Ossuary)
  An orc skeleton (Ossuary)
  3 orc zombies (Ossuary)
  5 rat skeletons (Ossuary)
  2 rat zombies (Ossuary)
  A fungus (Lair:2)
34 creatures vanquished.

Grand Total: 321 creatures vanquished

Notes
Turn   | Place    | Note
-------+----------+-------------------------------------------
     0 | D:1      | KleinerIrrer the Troll Monk began the quest for the Orb.
     0 | D:1      | Reached XP level 1. HP: 22/22 MP: 0/0
     0 | D:1      | 0 ||| counter = 35
   180 | D:1      | Reached XP level 2. HP: 29/29 MP: 1/1
   366 | D:1      | Reached skill level 4 in Unarmed Combat
   703 | D:1      | 703 ||| READING scroll labeled ISUFONA JEITWO.
   704 | D:1      | 704 ||| READING 2 scrolls labeled JUKKAM QIRESU.
   705 | D:1      | 705 ||| READING scroll labeled CUYFOO DEIFF.
   706 | D:1      | 706 ||| READING scroll labeled YTOOTU XYOMOM.
   910 | D:2      | Reached XP level 3. HP: 36/36 MP: 2/2
  1122 | D:2      | Reached skill level 5 in Unarmed Combat
  1122 | D:2      | Reached XP level 4. HP: 44/44 MP: 3/3
  1123 | D:2      | 1123 ||| Stepping ~*~*~tactically~*~*~ (outnumbered).
  1124 | D:2      | 1124 ||| Stepping ~*~*~tactically~*~*~ (outnumbered).
  1491 | D:2      | Found a basalt altar of Yredelemnul.
  1684 | D:2      | 1684 ||| READING scroll labeled LATAZA CALODEPUOCW.
  1685 | D:2      | 1685 ||| READING scroll labeled BEXZOR ROYLEI.
  1686 | D:2      | 1686 ||| DRINKING 2 sedimented pink potions.
  1726 | D:2      | 1726 ||| DRINKING 3 viscous blue potions.
  1726 | D:2      | Gained mutation: You are dopey. (Int -2) [potion of mutation]
  1726 | D:2      | Gained mutation: You are weak. (Str -2) [potion of mutation]
  1726 | D:2      | Lost mutation: You are weak. (Str -2) [potion of mutation]
  1727 | D:2      | 1727 ||| READING 3 scrolls of identify.
  1727 | D:2      | 1727 ||| IDENTIFYING sedimented green potion
  1728 | D:2      | 1728 ||| READING 2 scrolls of identify.
  1728 | D:2      | 1728 ||| IDENTIFYING fuming purple potion
  1729 | D:2      | 1729 ||| DROPPING potion of brilliance.
  1730 | D:2      | 1730 ||| DROPPING potion of lignification.
  1806 | D:3      | Reached XP level 5. HP: 50/50 MP: 4/4
  1820 | D:3      | Reached skill level 6 in Unarmed Combat
  2658 | D:3      | 2658 ||| READING 2 scrolls labeled LOKKIE OGYIQIG.
  2662 | D:3      | 2662 ||| DRINKING 2 yellow potions.
  2663 | D:3      | 2663 ||| READING 4 scrolls of identify.
  2663 | D:3      | 2663 ||| IDENTIFYING fizzy dark potion
  2684 | D:4      | 2684 ||| STAIRDANCE
  2692 | D:4      | 2692 ||| STAIRDANCE
  2776 | D:4      | Noticed KleinerIrrer's ghost (amateur GrFi)
  2785 | D:4      | Killed KleinerIrrer's ghost
  2785 | D:4      | Reached skill level 7 in Unarmed Combat
  2785 | D:4      | Reached XP level 6. HP: 22/59 MP: 5/5
  2901 | D:4      | 2901 ||| STAIRDANCE
  2926 | D:3      | 2926 ||| READING scroll labeled ISHOPT LUILLAT.
  2929 | D:4      | 2929 ||| STAIRDANCE
  2932 | D:3      | Reached skill level 8 in Unarmed Combat
  2944 | D:4      | 2944 ||| STAIRDANCE
  3024 | D:4      | Reached skill level 3 in Fighting
  3024 | D:4      | Reached XP level 7. HP: 59/67 MP: 6/6
  3025 | D:4      | 3025 ||| STAIRDANCE
  3147 | D:4      | Found a staircase to the Ecumenical Temple.
  3153 | Temple   | Entered the Ecumenical Temple
  3154 | Temple   | 3154 ||| Entered T.
  3257 | Temple   | Became a worshipper of Cheibriados the Contemplative
  3257 | Temple   | Reached * piety under Cheibriados
  3257 | Temple   | Reached ** piety under Cheibriados
  3351 | D:4      | Noticed Pikel
  3356 | D:4      | Paralysed by Pikel for 2 turns
  3359 | D:4      | Paralysed by Pikel for 2 turns
  3365 | D:4      | Killed Pikel
  3365 | D:4      | Reached skill level 9 in Unarmed Combat
  3365 | D:4      | Reached XP level 8. HP: 53/75 MP: 7/7
  3743 | D:4      | Reached skill level 10 in Unarmed Combat
  3886 | D:4      | 3886 ||| UPGRADING to embroidered robe.
  3896 | D:4      | 3896 ||| DROPPING +0 robe.
  3897 | D:4      | 3897 ||| READING 4 scrolls of identify.
  3897 | D:4      | 3897 ||| IDENTIFYING inky potion
  3898 | D:4      | 3898 ||| DROPPING potion of ambrosia.
  3934 | D:5      | Entered Level 5 of the Dungeon
  4108 | D:5      | Found a snail-covered altar of Cheibriados.
  4337 | D:5      | Reached *** piety under Cheibriados
  4704 | D:5      | 4704 ||| READING 3 scrolls of identify.
  4704 | D:5      | 4704 ||| IDENTIFYING murky pink potion
  4705 | D:5      | 4705 ||| DROPPING potion of flight.
  4725 | D:6      | Noticed Sigmund
  4744 | D:6      | Killed Sigmund
  4744 | D:6      | Reached skill level 3 in Dodging
  5176 | D:6      | Found a sand-covered staircase.
  5177 | D:6      | 5177 ||| Found Ossuary.
  5190 | Ossuary  | Entered an ossuary
  5191 | Ossuary  | 5191 ||| Entered Ossuary.
  5400 | Ossuary  | Killed Menkaure
  5565 | Ossuary  | Reached **** piety under Cheibriados
  5631 | Ossuary  | 5631 ||| UPGRADING to runed robe.
  5641 | Ossuary  | 5641 ||| READING scroll labeled XYFFAN CAOR.
  5642 | Ossuary  | 5642 ||| READING 8 scrolls of identify.
  5642 | Ossuary  | 5642 ||| IDENTIFYING sapphire potion
  5643 | Ossuary  | 5643 ||| READING 7 scrolls of identify.
  5643 | Ossuary  | 5643 ||| IDENTIFYING viscous amethyst potion
  5997 | D:6      | 5997 ||| READING scroll labeled FEYVUD SUUNED.
  6144 | D:7      | Reached skill level 11 in Unarmed Combat
  6144 | D:7      | Reached XP level 9. HP: 84/84 MP: 8/8
  6873 | D:7      | 6873 ||| READING 8 scrolls of identify.
  6873 | D:7      | 6873 ||| IDENTIFYING grey potion
  6874 | D:7      | 6874 ||| DROPPING potion of berserk rage.
  7100 | D:8      | Noticed a two-headed ogre
  7330 | D:8      | Found Upsoiz's Armour Boutique.
  7480 | D:8      | Noticed a two-headed ogre
  7490 | D:8      | Killed a two-headed ogre
  7490 | D:8      | Reached ***** piety under Cheibriados
  7490 | D:8      | Reached skill level 12 in Unarmed Combat
  7665 | D:8      | 7665 ||| UPGRADING to silver ring.
  7666 | D:8      | 7666 ||| READING scroll labeled RATEUXESESH.
  7800 | D:9      | Noticed a two-headed ogre
  7809 | D:9      | Killed a two-headed ogre
  7809 | D:9      | Reached XP level 10. HP: 42/96 MP: 8/10
  7829 | D:9      | 7829 ||| Stepping ~*~*~tactically~*~*~ (outnumbered).
  7851 | D:9      | 7851 ||| Stepping ~*~*~tactically~*~*~ (outnumbered).
  7855 | D:9      | HP: 21/96 [orc priest/divine providence (9)]
  7856 | D:9      | 7856 ||| READING 5 scrolls of teleportation.
  7857 | D:9      | 7857 ||| DRINKING potion of heal wounds.
  7961 | D:9      | 7961 ||| Invisible monster not found???
  8272 | D:9      | Reached skill level 3 in Invocations
  8562 | D:9      | 8562 ||| UPGRADING to encrusted cabochon ring.
  8563 | D:9      | 8563 ||| REMOVING +4 ring of intelligence.
  8564 | D:9      | 8564 ||| DROPPING +4 ring of intelligence.
  8565 | D:9      | 8565 ||| READING scroll labeled BAUROF JEC VAZ.
  8565 | D:9      | Identified a scroll of acquirement
  8567 | D:9      | 8567 ||| UPGRADING to runed shield.
  8572 | D:9      | 8572 ||| READING 9 scrolls of identify.
  8572 | D:9      | 8572 ||| IDENTIFYING fuming inky potion
  8573 | D:9      | 8573 ||| READING 8 scrolls of identify.
  8573 | D:9      | 8573 ||| IDENTIFYING orange potion
  8574 | D:9      | 8574 ||| DROPPING potion of agility.
  8575 | D:9      | 8575 ||| DROPPING potion of invisibility.
  8593 | D:10     | Entered Level 10 of the Dungeon
  8615 | D:10     | Found a staircase to the Lair.
  8698 | D:10     | Reached skill level 1 in Shields
  8951 | D:10     | 8951 ||| STAIRDANCE
  9015 | D:10     | Reached skill level 3 in Shields
  9404 | D:10     | 9404 ||| DRINKING 2 potions of resistance.
  9407 | D:10     | 9407 ||| Stepping ~*~*~tactically~*~*~ (outnumbered).
  9408 | D:10     | 9408 ||| Stepping ~*~*~tactically~*~*~ (outnumbered).
  9417 | D:10     | 9417 ||| Stepping ~*~*~tactically~*~*~ (outnumbered).
  9421 | D:10     | 9421 ||| Stepping ~*~*~tactically~*~*~ (outnumbered).
  9469 | D:10     | Found a staircase to the Orcish Mines.
  9683 | Lair:1   | Entered Level 1 of the Lair of Beasts
  9684 | Lair:1   | 9684 ||| Entered L.
  9702 | Lair:1   | Noticed a spiny frog
  9714 | Lair:1   | Killed a spiny frog
  9816 | Lair:1   | Reached skill level 6 in Invocations
  9945 | Lair:1   | Reached XP level 11. HP: 102/102 MP: 14/14
 10476 | Lair:1   | 10476 ||| UPGRADING to wooden ring.
 10505 | Lair:2   | 10505 ||| STAIRDANCE
 10521 | Lair:2   | 10521 ||| STAIRDANCE
 10644 | Lair:2   | 10644 ||| Stepping ~*~*~tactically~*~*~ (outnumbered).
 10655 | Lair:2   | Reached skill level 13 in Unarmed Combat
 10659 | Lair:2   | Reached ****** piety under Cheibriados
 11007 | Lair:2   | Noticed a four-headed hydra
 11026 | Lair:2   | HP: 21/104 [eight-headed hydra (17)]
 11026 | Lair:2   | HP: 10/104 [eight-headed hydra (11)]
 11026 | Lair:2   | Mangled by an eight-headed hydra

Vault maps used:
D:1:      minmay_arrival_hallway
D:2:      lemuel_upstairs_altar, nicolae_overflow_crystal_walls,
          minmay_misc_feat_doors, feat_on_display
D:3:      first_ration
D:4:      minmay_temple_entry_glassed_door, uniq_pikel
D:5:      cheibriados_altar_1
D:6:      enter_ossuary_2, uniq_sigmund
D:7:      the_bakery
D:8:      serial_shops, nicolae_shop_waterfront
D:9:      corexii_shack_village
D:10:     minmay_lair_entry_lava, erik_orc_1, enter_bailey_3
Temple:   kilobyte_greek_temple
Lair:2:   dummy_snake_entry
Ossuary:  ossuary_due_pyramid

Skill      XL: |  1  2  3  4  5  6  7  8  9 10 11 |
---------------+----------------------------------+-----
Unarmed Combat | 4 5 7 8 9 11 12 13 | 13.0
Fighting       | 3 4 5 |  5.3
Dodging        | 3 4 5 |  5.0
Invocations    | 2 6 7 |  7.7
Shields        | 4 5 |  5.0
Stealth        | |  1.0

Action                   |  1- 3 |  4- 6 |  7- 9 | 10-12 || total
-------------------------+-------+-------+-------+-------++-------
Melee: Unarmed           |    68 |    91 |   195 |   254 ||   608
       Punch             |     2 |     1 |    16 |     3 ||    22
Throw: Tomahawk          |    21 |    11 |    37 |    18 ||    87
       Javelin           |       |    17 |    78 |    41 ||   136
  Use: Scroll            |     4 |     7 |     8 |     4 ||    23
       Potion            |       |     3 |       |     2 ||     5
 Stab: Sleeping          |       |     1 |     1 |       ||     2
       Confused          |       |       |       |     1 ||     1
  Eat: Chunk             |    16 |    17 |    30 |    21 ||    84
Armor: Robe              |    27 |    13 |    31 |    33 ||   104
Dodge: Dodged            |    19 |    36 |    77 |    90 ||   222
Block: Shield            |       |       |       |   106 ||   106
       Reflection        |       |       |       |     8 ||     8

Table legend:
 A = Spawn XP
 B = Non-spawn XP
 C = Spawn XP percentage of total XP
 D = Spawn monster count
 E = Non-spawn monster count
 F = Spawn count percentage of total count
 G = Total turns spent on level
                    A         B        C        D         E        F      G
               +---------+---------+-------+---------+---------+-------+---------
         Total |       0 |   16333 |   0.0 |       0 |     285 |   0.0 | 11026
               +---------+---------+-------+---------+---------+-------+---------
           D:1 |       0 |      35 |   0.0 |       0 |      18 |   0.0 |   825
           D:2 |       0 |     157 |   0.0 |       0 |      30 |   0.0 |   923
           D:3 |       0 |     195 |   0.0 |       0 |      16 |   0.0 |  1006
           D:4 |       0 |    1303 |   0.0 |       0 |      30 |   0.0 |  1036
           D:5 |       0 |     280 |   0.0 |       0 |      20 |   0.0 |   787
           D:6 |       0 |     504 |   0.0 |       0 |       9 |   0.0 |   853
           D:7 |       0 |    1334 |   0.0 |       0 |      16 |   0.0 |   894
           D:8 |       0 |    1258 |   0.0 |       0 |       9 |   0.0 |   782
           D:9 |       0 |    1630 |   0.0 |       0 |      31 |   0.0 |   924
          D:10 |       0 |    3093 |   0.0 |       0 |      52 |   0.0 |  1052
        Lair:1 |       0 |    2139 |   0.0 |       0 |      11 |   0.0 |   881
        Lair:2 |       0 |    4377 |   0.0 |       0 |      21 |   0.0 |   462
       Ossuary |       0 |      28 |   0.0 |       0 |      22 |   0.0 |   457
               +---------+---------+-------+---------+---------+-------+---------
